 Dungeon Crawl Stone Soup version 0.21-a0-504-g2eda330 (webtiles) character file.

242 Gwenloh the Ruffian (level 5, 0/44 HPs)
             Began as a Draconian Transmuter on Nov 24, 2017.
             Slain by a sky beast (6 damage)
             ... on level 4 of the Dungeon on Nov 25, 2017.
             The game lasted 00:16:33 (3508 turns).

Gwenloh the Ruffian (Draconian Transmuter)          Turns: 3508, Time: 00:16:34

Health: 0/44       AC:  5    Str: 14    XL:     5   Next: 81%
Magic:  7/9        EV: 13    Int: 13    God:
Gold:   157        SH:  0    Dex: 11    Spells: 7/10 levels left

rFire    . . .     SeeInvis .     - Unarmed
rCold    . . .     Gourm    .   (no shield)
rNeg     . . .     Faith    .   (armour unavailable)
rPois    .         Spirit   .   (helmet restricted)
rElec    .         Reflect  .   (no cloak)
rCorr    .         Harm     .   (no gloves)
MR       .....                  (no boots)
Stlth    +.........             (no amulet)
HPRegen  0.14/turn              (no ring)
MPRegen  0.11/turn              (no ring)

@: no status effects
A: unfitting armour, cold-blooded, AC +5
a: no special abilities


You were on level 4 of the Dungeon.
You were hungry.

You visited 1 branch of the dungeon, and saw 4 of its levels.

You collected 157 gold pieces.

Inventory:

Hand Weapons
 a - a +0 hunting sling
Missiles
 q - 41 sling bullets
 r - 69 arrows
 t - 35 stones (quivered)
Armour
 x - a +1 hat
Jewellery
 k - an uncursed ring of wizardry {unknown}
 w - an uncursed ring of poison resistance {unknown}
Scrolls
 d - 5 scrolls of remove curse {unknown}
 j - 4 scrolls of identify {unknown}
 l - a scroll of fear {unknown}
 m - a scroll of enchant weapon {unknown}
 o - a scroll of fog {unknown}
 p - a scroll of enchant armour {unknown}
 s - 2 scrolls of teleportation {unknown}
 y - a scroll of magic mapping {unknown}
Potions
 e - 2 potions of resistance {unknown}
 g - 3 potions of haste {unknown}
 h - 2 potions of cancellation {unknown}
 i - 2 potions of mutation {unknown}
 n - a potion of degeneration {unknown}
 u - a potion of curing {unknown}
 v - a potion of might {unknown}
Books
 b - a book of Changes

   Spells                             Type                      Level
   a - Beastly Appendage              Transmutation                1
   b - Sticks to Snakes               Transmutation                2
   c - Spider Form                    Transmutation/Poison         3
   d - Ice Form                       Ice/Transmutation            4
   e - Blade Hands                    Transmutation                5
Comestibles
 c - 2 bread rations
 f - 4 royal jellies


   Skills:
 + Level 2.8 Fighting
 + Level 2.9 Dodging
 + Level 3.9 Unarmed Combat
 + Level 3.1 Spellcasting
 + Level 3.2 Transmutations


You had 7 spell levels left.
You knew the following spells:

 Your Spells              Type           Power        Failure   Level  Hunger
a - Beastly Appendage     Tmut           ##....       6%          1    #......
b - Sticks to Snakes      Tmut           ##......     9%          2    ##.....


Dungeon Overview and Level Annotations

Branches:
Dungeon (4/15)
 Temple: D:4-7

Altars:
Vehumet


Innate Abilities, Weirdness & Mutations

Your plain brown scales are hard. (AC +5)
You cannot fit into any form of body armour.
You are cold-blooded and may be slowed by cold attacks.


Message History

Something hits you. Something shocks you.
You barely miss something. You miss something.
Your tail-slap misses something.
Something hits you but does no damage.
You barely miss something. You tail-slap something. Something hits you.
Something shocks you.
You miss something.
A sky beast appears from thin air!
Reactivating autopickup.
The sky beast hits you. The sky beast shocks you.
* * * LOW HITPOINT WARNING * * *
You hit the sky beast but do no damage.
You tail-slap the sky beast, but do no damage.
The sky beast is severely wounded.
The sky beast closely misses you.
Casting: Beastly Appendage
Confirm with . or Enter, or press ? or * to list all spells.
You create a snake!
You now have 69 arrows.
The sky beast hits you.
* * * LOW HITPOINT WARNING * * *
The sky beast shocks you.
You die...

#.....#......#........
+.....#......'........
####.....########..##+######
................#..#........
..............<.#..'....[...
................#..#........
................####........
######+###+###..........####
#....@..........#
#...Y#..........#
#..S.#..........#
#....#..........+
####.#..........#
#.########+### .. ..


You could see a sky beast and a friendly ball python.

Vanquished Creatures
  A worker ant (D:3)
  8 adders
  4 worms
  A dart slug (D:3)
  5 leopard geckos
  2 orcs (D:3)
  6 bats
  2 giant cockroaches
  10 hobgoblins
  3 jackals (D:2)
  2 quokkas
  A ball python (D:3)
  5 frilled lizards
  6 goblins
  3 kobolds
  7 rats
66 creatures vanquished.

Vanquished Creatures (collateral kills)
  An ogre (D:4)
  2 adders (D:3)
  A frilled lizard (D:4)
4 creatures vanquished.

Grand Total: 70 creatures vanquished

Notes
Turn   | Place    | Note
-------+----------+-------------------------------------------
     0 | D:1      | Gwenloh the Draconian Transmuter began the quest for the Orb.
     0 | D:1      | Reached XP level 1. HP: 16/16 MP: 3/3
   557 | D:1      | Reached XP level 2. HP: 16/23 MP: 5/5
   561 | D:1      | Learned a level 2 spell: Sticks to Snakes
  1160 | D:2      | Reached XP level 3. HP: 11/29 MP: 6/6
  1657 | D:2      | Reached XP level 4. HP: 30/36 MP: 5/7
  2255 | D:3      | Upgraded the game from 0.21-a0-498-g1b60429 to 0.21-a0-504-g2eda330
  2821 | D:3      | Reached XP level 5. HP: 42/42 MP: 9/9
  3061 | D:3      | Found a radiant altar of Vehumet.
  3377 | D:4      | Noticed an ogre
  3385 | D:4      | Killed an ogre
  3491 | D:4      | Noticed a sky beast
  3508 | D:4      | Slain by a sky beast

Vault maps used:
D:1:      dpeg_chamrin_arrival_tetris
D:3:      lemuel_statue_altar
D:4:      lightli_temple_of_fire, first_bread, grunt_ministairs_14, uniq_ijyb

Skill      XL: |  1  2  3  4  5 |
---------------+----------------+-----
Dodging        | 2 |  2.9
Fighting       | 2 |  2.8
Transmutations | 3 |  3.2
Spellcasting   | 3 |  3.1
Unarmed Combat | |  3.9

Action                   |  1- 3 |  4- 6 || total
-------------------------+-------+-------++-------
Melee: Unarmed           |   145 |   143 ||   288
       Kick              |     5 |    16 ||    21
       Headbutt          |     3 |     6 ||     9
       Tailslap          |    10 |    15 ||    25
       Punch             |       |     2 ||     2
 Fire: Hunting sling     |       |    16 ||    16
 Cast: Beastly Appendage |     9 |    16 ||    25
       Sticks to Snakes  |       |    11 ||    11
 Stab: Sleeping          |       |     2 ||     2
       Distracted        |       |     1 ||     1
  Eat: Chunk             |     3 |     6 ||     9
Armor: Skin              |    47 |    40 ||    87
Dodge: Dodged            |    90 |    82 ||   172

Table legend:
 A = Spawn XP
 B = Non-spawn XP
 C = Spawn XP percentage of total XP
 D = Spawn monster count
 E = Non-spawn monster count
 F = Spawn count percentage of total count
 G = Total turns spent on level
                    A         B        C        D         E        F      G
               +---------+---------+-------+---------+---------+-------+---------
         Total |       0 |     346 |   0.0 |       0 |      70 |   0.0 |  3508
               +---------+---------+-------+---------+---------+-------+---------
           D:1 |       0 |      27 |   0.0 |       0 |      16 |   0.0 |  1105
           D:2 |       0 |     115 |   0.0 |       0 |      29 |   0.0 |  1121
           D:3 |       0 |     125 |   0.0 |       0 |      23 |   0.0 |  1151
           D:4 |       0 |      79 |   0.0 |       0 |       2 |   0.0 |   131
               +---------+---------+-------+---------+---------+-------+---------
